 Dungeon Crawl Stone Soup version 0.31-a0-774-g0d66cbabe8 (webtiles) character file.

Game seed: 5627803051007614726

156 McSplat the Sneak (level 5, -4/24 HPs)
             Began as a Spriggan Conjurer on Sept 17, 2023.
             Was an Initiate of Ashenzari.
             Killed by nerve-wracking pain
             ... invoked by an orc priest
              (14 damage)
             ... on level 3 of the Dungeon.
             The game lasted 00:09:20 (2991 turns).

McSplat the Sneak (Spriggan Conjurer)               Turns: 2991, Time: 00:09:22

Health: -4/24      AC:  2    Str:  3    XL:     5   Next: 14%
Magic:  4/12       EV: 18    Int: 22    God:    Ashenzari [......]
Gold:   193        SH:  0    Dex: 13    Spells: 2/12 levels left

rFire   . . .        h - +0 dagger "Overhang to Understand" {Alch, Self} (curse)
rCold   . . .        (no shield)
rNeg    . . .        a - +0 robe
rPois   .            (helmet restricted)
rElec   .            (no cloak)
rCorr   .            (gloves unavailable)
SInv    +            (boots unavailable)
Will    .....        (no amulet)
Stlth   +            (no ring)
HPRegen 0.24/turn    (no ring)
MPRegen 0.13/turn

%: no passive effects
@: confused, very quick
A: very small, no large weapons, unfitting armour, see invisible, speed 3
a: Renounce Religion, Shatter the Chains


You were on level 3 of the Dungeon.
You worshipped Ashenzari.
Ashenzari was noncommittal.
You visited 1 branch of the dungeon, and saw 3 of its levels.

You collected 193 gold pieces.

Inventory:

Hand Weapons
 h - the cursed +0 dagger "Overhang to Understand" (weapon) {Alch, Self}
   (You took it off a kobold on level 1 of the Dungeon)

   It has a curse which improves the following skills: Alchemy: Poison Magic and
   Transmutations.
   Introspection: Fighting and Spellcasting.
Armour
 a - a +0 robe (worn)
Jewellery
 m - an amulet of regeneration
Talismans
 e - a flux talisman
Scrolls
 f - 2 scrolls of teleportation {unknown}
 g - 2 scrolls of identify {unknown}
 j - a scroll of fear {unknown}
 l - 2 scrolls of summoning {unknown}
Potions
 b - a potion of magic
 c - a potion of heal wounds {unknown}
 d - a potion of degeneration {unknown}
 i - a potion of curing {unknown}
 k - 2 potions of berserk rage {unknown}


   Skills:
 + Level 4.1 Dodging
 + Level 4.8 Stealth
 + Level 3.9(4.3) Spellcasting
 + Level 3.5 Conjurations
 + Level 1.1 Hexes


You had 2 spell levels left.
You knew the following spells:

 Your Spells              Type           Power      Damage    Failure   Level
a - Magic Dart            Conj           80%        1d7       2%          1
b - Searing Ray           Conj           40%        2d5       3%          2
c - Dazzling Flash        Conj/Hex       28%        N/A       13%         3
d - Fulminant Prism       Conj/Hex       7%         3d7       38%         4

Your spell library contained the following spells:

 Spells                   Type           Power      Damage    Failure   Level
 Iskenderun's Mystic Bla  Conj/Tloc      12%        2d5       45%         4


Dungeon Overview and Level Annotations

Branches:
Dungeon (3/15)

Altars:
Ashenzari


Innate Abilities, Weirdness & Mutations

You are very small and have problems with some larger weapons.
You are too small for most types of armour.
You have supernaturally acute eyesight. (SInv)
You cover ground extremely quickly. (Speed+++)


Message History

The magic dart hits the orc but does no damage.
The orc is almost dead.
The orc priest shouts!
The orc hits you with a +0 short sword.
Casting: Magic Dart (safe; 2% risk of failure)
Confirm with . or Enter, or press ? or * to list all spells.
Aiming: Magic Dart (safe; 2% risk of failure)
Press: ? - help, Shift-Dir - straight line, f/p - orc
Aim: an orc, wielding a +0 short sword, wearing a +0 ring mail and quivering stones (almost dead, 100% to hit)
The magic dart hits the orc.
You kill the orc!
Unknown command.
Casting: Magic Dart (safe; 2% risk of failure)
Confirm with . or Enter, or press ? or * to list all spells.
Aiming: Searing Ray (safe; 3% risk of failure)
Press: ? - help, Shift-Dir - straight line, f - orc priest
Aim: an orc priest, wielding a +0 hand axe and wearing a +0 scale mail (81% to hit)
The searing ray hits the orc wizard!
The orc wizard is heavily wounded.
The searing ray hits the orc priest.
The orc priest is moderately wounded. (Press . to maintain the ray.)
The orc wizard points at you and mumbles some strange words.
You are confused.
The orc priest looks satisfied for a moment.
The orc wizard hits you with a +0 dagger.
Okay, then.
Unknown command.
The orc wizard casts a spell at you.
You easily resist.
Items here: $ ( ) [ †.
Okay, then.
Unknown command.
You bump into the rock wall.
The orc priest mumbles some strange prayers to Beogh against you.
Beogh smites you!
The orc priest mumbles some strange prayers to Beogh against you.
Pain shoots through your body!
Ouch! That really hurt!
You die...

######..####
............#
########..#.# ##.#.#
#...# ##..#
########..#######..#
..........##.......#
..#######..@.###
####.)o# #..o.#
###.).... #......>
#.#.>)..) #...##†.#
##### #.# .#


You could see an orc priest and an orc wizard.

Vanquished Creatures
  10 adders (D:2)
  A worm (D:2)
  A dart slug (D:2)
  3 orcs (D:3)
  4 bats
  2 endoplasms
  A giant cockroach (D:2)
  2 goblins
  4 hobgoblins (D:2)
  5 jackals
  5 quokkas
  5 ball pythons
  5 frilled lizards
  8 kobolds
  7 rats
63 creatures vanquished.

Notes
Turn   | Place    | Note
-------+----------+-------------------------------------------
     0 | D:1      | McSplat the Spriggan Conjurer began the quest for the Orb.
     0 | D:1      | Reached XP level 1. HP: 9/9 MP: 5/5
   381 | D:1      | Reached XP level 2. HP: 13/13 MP: 3/6
   384 | D:1      | Learned a level 2 spell: Searing Ray
  1011 | D:2      | Found a broken altar of Ashenzari.
  1020 | D:2      | Became a worshipper of Ashenzari the Shackled
  1416 | D:2      | Reached XP level 3. HP: 16/16 MP: 6/8
  1420 | D:2      | Learned a level 3 spell: Dazzling Flash
  1676 | D:2      | Reached skill level 1 in Hexes
  1676 | D:2      | Reached XP level 4. HP: 21/21 MP: 5/10
  2738 | D:2      | Reached XP level 5. HP: 24/24 MP: 10/12
  2743 | D:2      | Learned a level 4 spell: Fulminant Prism
  2991 | D:3      | Killed from afar by an orc priest

Illustrated notes

Levels and vault maps discovered:
D:1:      lemuel_arrival_muddy, layout_rooms, minmay_tromino_v4_c
D:2:      layout_loops_corners, basic_altar, corner_web_ring,
          minmay_snake_closets
D:3:      layout_basic, serial_shops, shop, basic_ecumenical_altar,
          small_statue_intersection

Skill      XL: |  1  2  3  4 |
---------------+-------------+-----
Conjurations   | 3 |  3.5
Dodging        | 3 4 |  4.1
Spellcasting   | 3 |  3.9
Stealth        | 4 |  4.8
Hexes          | 1 |  1.1

Action                     |  1- 3 |  4- 6 || total
---------------------------+-------+-------++-------
  Melee: Dagger            |       |     1 ||     1
   Cast: Magic Dart        |    73 |    50 ||   123
         Searing Ray       |     4 |     9 ||    13
 Invoke: Curse Item        |       |     1 ||     1
 Armour: Robe              |     5 |     7 ||    12
  Dodge: Dodged            |     7 |     7 ||    14

Table legend: (Time is in decaauts)
 A = Elapsed time spent in this place.
 B = Non-inter-level travel time spent in this place.
 C = Inter-level travel time spent in this place.
 D = Time resting spent in this place.
 E = Time spent auto-exploring this place.
 F = Levels seen in this place.
 G = Mean time per level.
                   A        B        C        D        E       F      G
               +--------+--------+--------+--------+--------+-----+--------+
         Total |   2426 |   2386 |     40 |    420 |   1684 |   3 |  808.7 |
       Dungeon |   2426 |   2386 |     40 |    420 |   1684 |   3 |  808.7 |
               +--------+--------+--------+--------+--------+-----+--------+

Top non-repeatable levels by time:
     D:2: 1518 daAuts
     D:1: 792 daAuts
     D:3: 115 daAuts
